 Dungeon Crawl Stone Soup version 0.21-a0-171-g0f4a3b6 (console) character file.

3393 Duffy the Cleaver (level 10, -12/60 HPs)
             Began as a Vine Stalker Gladiator on Aug 5, 2017.
             Was a Follower of Cheibriados.
             Mangled by Gastronok (15 damage)
             ... on level 9 of the Dungeon on Aug 7, 2017.
             The game lasted 00:10:15 (7414 turns).

Duffy the Cleaver (Vine Stalker Gladiator)          Turns: 7414, Time: 00:10:16

Health: -12/60     AC: 17    Str: 22    XL:     10   Next: 4%
Magic:  0/11       EV:  8    Int: 10    God:    Cheibriados [*.....]
Gold:   356        SH:  4    Dex: 18    Spells: 9/9 levels left

rFire    . . .     SeeInvis .   a - +0 war axe
rCold    . . .     Gourm    .   l - +0 buckler
rNeg     . . .     Faith    .   K - +0 chain mail
rPois    .         Spirit   +   o - +2 hat
rElec    .         Reflect  .   F - +0 cloak
rCorr    .         Harm     +   q - +0 pair of gloves
MR       +....                  J - +1 pair of boots
Stlth    ..........             H - amulet of harm
HPRegen  0.60/turn              D - +1 ring of protection
MPRegen  0.12/turn              B - +2 ring of slaying

@: very slow
A: fangs 3, blurry vision 1, regeneration 1, robust 1, wild magic 1, magic
shield, antimagic bite, no potion heal 3, rot immunity
a: Bend Time, Renounce Religion


You were on level 9 of the Dungeon.
You worshipped Cheibriados.
Cheibriados was aware of your devotion.
You were not hungry.

You visited 2 branches of the dungeon, and saw 10 of its levels.

You collected 356 gold pieces.

Inventory:

Hand Weapons
 a - a +0 war axe (weapon)
Missiles
 d - 5 throwing nets (quivered)
Armour
 c - a +0 helmet
 l - a +0 buckler (worn)
 o - a +2 hat (worn)
 q - a +0 pair of gloves (worn)
 F - a +0 cloak (worn)
 J - a +1 pair of boots (worn)
 K - a +0 chain mail (worn)
Jewellery
 B - a +2 ring of slaying (right hand)
 D - a +1 ring of protection (left hand)
 H - an amulet of harm (around neck)
 I - an uncursed ring of positive energy
Wands
 z - a wand of confusion (12/48)
 G - a wand of iceblast (8/15)
 L - a wand of scattershot (6/9)
 N - a wand of iceblast (6/15)
 O - a wand of disintegration (17/24)
Scrolls
 h - 2 scrolls of fog
 j - 4 scrolls of fear
 m - a scroll of vulnerability {unknown}
 p - a scroll of noise {unknown}
 y - a scroll of magic mapping
 A - a scroll of teleportation
 C - a scroll of random uselessness {unknown}
 E - a scroll of enchant weapon {unknown}
 M - a scroll of enchant armour {unknown}
Potions
 e - a potion of resistance
 g - a potion of degeneration {unknown}
 n - 2 potions of brilliance
 u - 2 potions of curing
 v - 2 potions of flight
 x - a potion of lignification {unknown}
Comestibles
 b - 8 fruits
 f - 8 bread rations
 i - 5 meat rations
 k - 9 chunks of flesh
 t - a royal jelly


   Skills:
 - Level 7.2 Fighting
 + Level 9.3 Axes
 - Level 1.7 Throwing
 + Level 5.2 Armour
 - Level 2.4 Dodging


You had 9 spell levels left.
You didn't know any spells.

Dungeon Overview and Level Annotations

Branches:
Dungeon (9/15)             Temple (1/1) D:7
   Lair: D:8-11         Orc: D:9-12

Altars:
Ashenzari
Cheibriados
Dithmenos
Elyvilon
Fedhas
Gozag
Hepliaklqana
Kikubaaqudgha
Makhleb
Nemelex Xobeh
Okawaru
Qazlal
Ru
Sif Muna
Trog
Uskayaw
Vehumet
Wu Jian
Xom
Yredelemnul
Zin
The Shining One

Shops:
D:7 (

Annotations:
D:5 exclusion: 2 doors
D:9 Gastronok


Innate Abilities, Weirdness & Mutations

You have razor-sharp teeth.
Your natural rate of healing is unusually fast.
When hurt, damage is shared between your health and your magic reserves.
Your bite disrupts and absorbs the magic of your enemies.
Potions cannot restore your health.
You are immune to rotting.
Scrolls take you a little longer to read.
You are robust. (+10% HP)
Your spells are a little harder to cast, but a little more powerful.


Message History

You drain his magic.
You feel invigorated.
Gastronok is heavily wounded.
You hit the yak. The yak barely misses you.
You hit Gastronok.
Gastronok is heavily wounded.
You slash the yak! The yak gores you but does no damage.
Gastronok falters for a moment.
Your chain mail prevents you from hitting Gastronok.
You bite Gastronok.
Gastronok's magic leaks into the air.
You drain his magic.
Gastronok is heavily wounded.
You hit the yak but do no damage. The yak gores you.
You hit Gastronok.
Gastronok is heavily wounded.
You slash the yak! You completely miss the yak.
The yak gores you but does no damage. x2; Gastronok bites you!!
Your chain mail prevents you from hitting Gastronok.
Gastronok is heavily wounded.
You hit the yak but do no damage. You hit the yak. The yak gores you!
The yak gores you but does no damage. Gastronok bites you!
You die...

#... #... #......# #..
##...##...##......###..
#.........##...........
.#........#.............
..........#.....##.....)
...........?............
.....#.......#..........
........................
.....YY@................
.<....wY................
......Y#...........#...#
.%....Y##...............
....... ........)#......
....... .##.............
..#.... . .............
./#.... .....


You could see Gastronok and 5 yaks.

Vanquished Creatures
  A two-headed ogre (D:9)
  Grinder (D:3)
  A hungry ghost (D:8)
  An orc warrior (D:6)
  A sky beast (D:7)
  3 centaurs
  An ogre (D:7)
  3 big kobolds
  2 bullfrogs
  2 wyvern skeletons
  A scorpion (D:6)
  7 wights
  5 crimson imps
  A howler monkey (D:7)
  A bullfrog zombie (D:8)
  3 hounds (D:8)
  3 orc priests
  A jelly (D:6)
  A gnoll shaman (D:7)
  Jessica (D:2)
  4 iguanas
  2 orc wizards
  3 worker ants
  A worker ant zombie (D:8)
  13 gnolls
  11 adders
  3 shadow imps
  An adder zombie (D:9)
  3 adder skeletons
  3 worms
  A dart slug (D:2)
  8 leopard geckos
  17 orcs
  8 giant cockroaches
  15 goblins
  14 hobgoblins
  4 jackals (D:6)
  30 kobolds
  3 quokkas
  A ball python (D:2)
  10 bats
  5 frilled lizards
  A quokka zombie (D:6)
  7 rats
  A plant (D:7)
209 creatures vanquished.

Vanquished Creatures (others)
  2 plants (D:7)
2 creatures vanquished.

Grand Total: 211 creatures vanquished

Notes
Turn   | Place    | Note
-------+----------+-------------------------------------------
     0 | D:1      | Duffy the Vine Stalker Gladiator began the quest for the Orb.
     0 | D:1      | Reached XP level 1. HP: 11/11 MP: 2/2
   467 | D:1      | Reached skill level 3 in Axes
   467 | D:1      | Reached XP level 2. HP: 13/15 MP: 3/3
   816 | D:1      | Reached XP level 3. HP: 9/19 MP: 1/4
  1495 | D:2      | Found a bloodstained altar of Trog.
  1590 | D:2      | Gained mutation: Your natural rate of healing is unusually fast. [Vine Stalker growth]
  1590 | D:2      | Reached XP level 4. HP: 14/24 MP: 2/5
  1784 | D:2      | Noticed Jessica
  1787 | D:2      | Killed Jessica
  2135 | D:2      | Found a faded altar of an unknown god.
  2330 | D:3      | Reached XP level 5. HP: 28/28 MP: 6/6
  2435 | D:4      | Reached skill level 4 in Axes
  2775 | D:3      | Noticed Grinder
  2776 | D:3      | Paralysed by Grinder for 6 turns
  2792 | D:3      | Killed Grinder
  2792 | D:3      | Reached XP level 6. HP: 5/35 MP: 1/7
  2949 | D:3      | Reached skill level 5 in Axes
  2970 | D:3      | Reached skill level 5 in Fighting
  2979 | D:3      | Reached XP level 7. HP: 34/39 MP: 8/8
  3874 | D:5      | Entered Level 5 of the Dungeon
  3970 | D:5      | You fall through a shaft for 2 floors!
  4111 | D:7      | Reached skill level 6 in Axes
  4111 | D:7      | Gained mutation: You have razor-sharp teeth. [Vine Stalker growth]
  4111 | D:7      | Reached XP level 8. HP: 43/44 MP: 9/9
  4981 | D:6      | Reached skill level 7 in Axes
  5417 | D:6      | Reached skill level 1 in Armour
  5526 | D:6      | Reached XP level 9. HP: 29/50 MP: 10/10
  5800 | D:7      | Reached skill level 8 in Axes
  5810 | D:7      | Found a staircase to the Ecumenical Temple.
  5818 | Temple   | Entered the Ecumenical Temple
  6058 | Temple   | Became a worshipper of Cheibriados the Contemplative
  6105 | Temple   | Gained mutation: You have a somewhat thin skeletal structure. (Dex +2, Stealth) [potion of mutation]
  6105 | Temple   | Gained mutation: Scrolls take you a little longer to read. [potion of mutation]
  6105 | Temple   | Gained mutation: You are agile. (Dex +2) [potion of mutation]
  6105 | Temple   | Gained mutation: You are somewhat resistant to further mutation. [potion of mutation]
  6151 | D:7      | Found Engy's Antique Weapon Shoppe.
  6157 | D:7      | Upgraded the game from 0.21-a0-163-g3aa3f5d to 0.21-a0-171-g0f4a3b6
  6565 | D:8      | Found a white marble altar of Elyvilon.
  7003 | D:8      | Reached * piety under Cheibriados
  7261 | D:9      | Found a burning altar of Makhleb.
  7292 | D:9      | Lost mutation: Scrolls take you a little longer to read. [potion of mutation]
  7292 | D:9      | Lost mutation: You are somewhat resistant to further mutation. [potion of mutation]
  7292 | D:9      | Lost mutation: You are agile. (Dex +2) [potion of mutation]
  7292 | D:9      | Lost mutation: You have a somewhat thin skeletal structure. (Dex +2, Stealth) [potion of mutation]
  7292 | D:9      | Gained mutation: You are robust. (+10% HP) [potion of mutation]
  7292 | D:9      | Gained mutation: Scrolls take you a little longer to read. [potion of mutation]
  7292 | D:9      | Gained mutation: Your spells are a little harder to cast, but a little more powerful. [potion of mutation]
  7310 | D:9      | Noticed a two-headed ogre
  7317 | D:9      | Killed a two-headed ogre
  7317 | D:9      | Reached skill level 9 in Axes
  7317 | D:9      | Reached skill level 5 in Armour
  7317 | D:9      | Reached XP level 10. HP: 23/60 MP: 4/11
  7399 | D:9      | Noticed Gastronok
  7414 | D:9      | HP: 3/60 [yak (6)]
  7414 | D:9      | Mangled by Gastronok

Vault maps used:
D:1:      dpeg_arrival_tiny_a
D:2:      chequers_ecumenical_altar_grove, trog_butcher_becter, uniq_jessica
D:3:      serial_park_tiny_1, uniq_grinder
D:4:      cheibrodos_greedy_goblins, minmay_misc_feat_square
D:5:      minmay_goblin_kobold_castle, first_bread
D:7:      kennysheep_kobold_camp, minmay_temple_entry_enclosed_plants,
          serial_shops, shop
D:8:      basic_altar
D:9:      marbit_many_paths, serial_column_ruins, column_ruins_square_medium,
          column_ruins_temple_circle, column_ruins_open_medium,
          column_ruins_open_small, column_ruins_grid_1, column_ruins_grid_1,
          column_ruins_open_large, david_nohive_1, uniq_maurice, uniq_gastronok
Temple:   nicolae_temple_the_god_donut

Skill      XL: |  1  2  3  4  5  6  7  8  9 |
---------------+----------------------------+-----
Fighting       | 2 3 4 5 6 7 |  7.2
Axes           | 3 4 5 6 7 9 |  9.3
Armour         | 1 5 |  5.2
Throwing       | |  1.7
Dodging        | |  2.4

Action                   |  1- 3 |  4- 6 |  7- 9 | 10-12 || total
-------------------------+-------+-------+-------+-------++-------
Melee: War axe           |   108 |   119 |   312 |    11 ||   550
       Bite              |    34 |    41 |   118 |     8 ||   201
  Use: Potion            |       |       |     3 |       ||     3
       Scroll            |       |       |    11 |     1 ||    12
  Eat: Chunk             |     2 |     5 |    16 |       ||    23
Armor: Leather armour    |    41 |       |       |       ||    41
       Scale mail        |    13 |    47 |    71 |       ||   131
       Chain mail        |       |       |    65 |     8 ||    73
Dodge: Dodged            |    75 |    73 |   131 |     4 ||   283
Block: Buckler           |     4 |    27 |    51 |       ||    82
